 Dungeon Sprint DCSS version 0.18-a0-119-g02a7081 (webtiles) character file.

12817 Kidiri the Unseen (level 11, 0/58 HPs)
             Began as a Spriggan Enchanter on Nov 19, 2015.
             Was the Champion of Dithmenos.
             Slain by an anaconda (3 damage)
             ... in the Dungeon (Sprint III: "The Ten Rune Challenge").
             The game lasted 00:10:48 (1270 turns).

Kidiri the Unseen (Spriggan Enchanter)              Turns: 1270, Time: 00:10:48

Health: 0/58       AC:  4    Str:  4    XL:     11   Next: 67%
Magic:  3/29       EV: 29    Int: 18    God:    Dithmenos [******]
Gold:   32         SH:  0    Dex: 19    Spells: 8 memorised, 12 levels left

rFire  + . .     SeeInvis +     a - +1 dagger
rCold  . . .     Clarity  .     k - +2 robe {rF+}
rNeg   . . .     SustAt   .     (shield restricted)
rPois  .         Gourm    .     (helmet restricted)
rElec  .         Spirit   .     (no cloak)
rCorr  .         Warding  .     (gloves unavailable)
rMut   .         NoTele   +     (boots unavailable)
MR     +....                    (no amulet)
Stlth  ++++++++++               (no ring)
                                (no ring)

@: lethally poisoned (0 -> -4), wreathed by umbra, constricted, very quick,
somewhat resistant to hostile enchantments, uncannily stealthy
A: unfitting armour, see invisible, herbivore 3, speed 3, slow metabolism 2
a: Shadow Step, Shadow Form, Renounce Religion


You were in the Dungeon.
You worshipped Dithmenos.
Dithmenos was exalted by your worship.
You were not hungry.

You visited 1 branch You collected 32 gold pieces.

Inventory:

Hand Weapons
 a - a +1 dagger (weapon)
Armour
 k - a +2 robe of fire resistance (worn)
Scrolls
 b - a scroll of amnesia
 j - a scroll of blinking
 m - 2 scrolls of torment
 p - a scroll of remove curse
Potions
 c - a potion of cure mutation
 e - a potion of curing
 g - a potion of haste
 h - 2 potions of magic
 i - a potion of berserk rage
 l - 2 potions of might
 o - 2 potions of lignification {unknown}
 s - 2 potions of flight
Comestibles
 d - 2 bread rations
 f - 6 fruits
 q - 33 royal jellies


   Skills:
 + Level 6.4 Fighting
 * Level 11.8 Short Blades
 + Level 5.9 Armour
 * Level 15.0 Dodging
 * Level 16.6 Stealth
 * Level 13.0 Spellcasting
 + Level 5.6 Conjurations
 + Level 9.9 Hexes
 + Level 9.3 Translocations
 + Level 8.7 Transmutations
 + Level 6.1 Ice Magic
 + Level 6.0 Earth Magic
 - Level 2.7 Invocations


You had 12 spell levels left.
You knew the following spells:

 Your Spells              Type           Power        Failure   Level  Hunger
a - Corona                Hex            #####..      1%          1    None
b - Ensorcelled Hibernat  Hex/Ice        #####.       1%          2    None
c - Confuse               Hex            #####...     1%          3    None
d - Tukima's Dance        Hex            #####...     1%          3    None
e - Dazzling Spray        Conj/Hex       #####...     1%          3    None
f - Gell's Gravitas       Hex/Tloc       #####.....   1%          3    None
g - Petrify               Trmt/Erth      #####...     2%          4    #......
h - Metabolic Englaciati  Hex/Ice        #####.....   8%          5    ####...


Dungeon Overview and Level Annotations

Branches:
Dungeon (1/1)

Altars:
Cheibriados
Dithmenos
Elyvilon
Fedhas
Gozag
Kikubaaqudgha
Makhleb
Nemelex Xobeh
Okawaru
Qazlal
Ru
Sif Muna
Trog
Vehumet
Xom
Yredelemnul
Zin
The Shining One
Jiyva
Lugonu


Innate Abilities, Weirdness & Mutations

You are tiny and cannot use many weapons and most armour.
You have supernaturally acute eyesight.
You are a herbivore.
You cover ground extremely quickly.
You need consume almost no food.


Message History

Confirm with . or Enter, or press ? or * to list all spells.
Aiming: Dazzling Spray
Press: ? - help, Shift-Dir - straight line, f/p - anaconda
Aim: an anaconda (severely wounded, umbra)
The spray of energy hits the anaconda.
The anaconda is almost dead.
The anaconda grabs you. The anaconda bites you! The anaconda constricts you.
The anaconda completely misses you. The anaconda constricts you.
Unknown command.
Casting: Dazzling Spray
Confirm with . or Enter, or press ? or * to list all spells.
Aiming: Dazzling Spray
Press: ? - help, Shift-Dir - straight line, f/p - anaconda
Aim: an anaconda (almost dead, constricting you, umbra)
The spray of energy hits the anaconda.
The anaconda is almost dead.
You feel sick. The anaconda bites you!
* * * LOW HITPOINT WARNING * * *
You emit a cloud of dark smoke.
You die...

...##.##.#≈≈≈≈≈...#
♣.##.##%##'≈≈≈≈§####+#
♣..#.##...#≈≈..§.§.§§#
♣♣.##.##.)#≈..+#######
♣♣.##.#####...#....))#
♣.....##......#♣♣♣._)#
########'#############
#.......§†S.##
#...%%...@§..#
###########..#
.SS......# ...S....##
#########


You could see an anaconda.

Vanquished Creatures
  Maud (D)
  A centaur warrior (D)
  2 hydras (D)
  Erica (D)
  An anaconda (D)
  A death drake (D)
  A spriggan druid (D)
  An unseen horror (D)
  A lindwurm (D)
  2 spiny frogs (D)
  2 black mambas (D)
  A queen bee (D)
  A komodo dragon (D)
  3 wandering mushrooms (D)
  A deep elf priest (D)
  3 redbacks (D)
  2 spriggans (D)
  A shadow (D)
  A spatial vortex (D)
  2 water moccasins (D)
  2 centaurs (D)
  A necrophage (D)
  An earth elemental (D)
  2 brain worms (D)
  A water elemental (D)
  A scorpion (D)
  32 killer bees (D)
  An electric eel (D)
  A jelly (D)
  Jessica (D)
  A wizard (D)
  A necromancer (D)
  A kobold demonologist (D)
  3 humans (D)
  4 adders (D)
  3 rats (D)
85 creatures vanquished.

Vanquished Creatures (others)
  2 draconian scorchers (D)
  A yaktaur (D)
3 creatures vanquished.

Grand Total: 88 creatures vanquished

Notes
Turn   | Place    | Note
--------------------------------------------------------------
     0 | D        | Kidiri the Spriggan Enchanter began the quest for the Orb.
     0 | D        | Reached XP level 1. HP: 9/9 MP: 5/5
    21 | D        | Noticed Jessica
    30 | D        | Killed Jessica
    30 | D        | Reached skill level 1 in Fighting
    30 | D        | Reached skill level 1 in Armour
    30 | D        | Reached skill level 5 in Stealth
    30 | D        | Reached XP level 2. HP: 12/14 MP: 5/8
    46 | D        | Learned a level 2 spell: Ensorcelled Hibernation
   164 | D        | Reached skill level 6 in Stealth
   164 | D        | Reached XP level 3. HP: 18/18 MP: 6/9
   169 | D        | Learned a level 3 spell: Confuse
   173 | D        | Learned a level 3 spell: Dazzling Spray
   178 | D        | Killed a white draconian scorcher
   198 | D        | Noticed a scorpion
   205 | D        | Killed a scorpion
   205 | D        | Reached skill level 5 in Dodging
   205 | D        | Reached skill level 7 in Stealth
   205 | D        | Reached skill level 5 in Spellcasting
   205 | D        | Reached skill level 1 in Ice Magic
   205 | D        | Reached XP level 4. HP: 22/22 MP: 10/12
   224 | D        | Learned a level 3 spell: Tukima's Dance
   228 | D        | Gained mutation: You have sharp toenails. [potion of mutation]
   228 | D        | Gained mutation: You regenerate slowly when monsters are visible. [potion of mutation]
   228 | D        | Gained mutation: You are clumsy. (Dex -2) [potion of mutation]
   229 | D        | Lost mutation: You regenerate slowly when monsters are visible. [potion of cure mutation]
   229 | D        | Lost mutation: You have sharp toenails. [potion of cure mutation]
   229 | D        | Lost mutation: You are clumsy. (Dex -2) [potion of cure mutation]
   230 | D        | Gained mutation: You are agile. (Dex +2) [potion of mutation]
   230 | D        | Gained mutation: You are dopey. (Int -2) [potion of mutation]
   231 | D        | Lost mutation: You are dopey. (Int -2) [potion of cure mutation]
   231 | D        | Lost mutation: You are agile. (Dex +2) [potion of cure mutation]
   276 | D        | Reached skill level 1 in Conjurations
   276 | D        | Reached skill level 5 in Hexes
   276 | D        | Reached XP level 5. HP: 26/26 MP: 14/14
   287 | D        | Killed a white draconian scorcher
   298 | D        | Killed a yaktaur
   329 | D        | Noticed a shadow
   331 | D        | Killed a shadow
   331 | D        | Reached skill level 5 in Short Blades
   331 | D        | Reached skill level 8 in Dodging
   331 | D        | Reached skill level 9 in Stealth
   331 | D        | Reached XP level 6. HP: 30/32 MP: 14/16
   368 | D        | Found a stormy altar of Qazlal.
   369 | D        | Found a sacrificial altar of Ru.
   369 | D        | Found a burning altar of Makhleb.
   369 | D        | Found a viscous altar of Jiyva.
   369 | D        | Found a shimmering altar of Xom.
   369 | D        | Found a shadowy altar of Dithmenos.
   369 | D        | Found a sparkling altar of Nemelex Xobeh.
   369 | D        | Found a corrupted altar of Lugonu.
   369 | D        | Found an opulent altar of Gozag.
   369 | D        | Noticed a spatial vortex
   373 | D        | Became a worshipper of Dithmenos the Shadowed
   374 | D        | Killed a spatial vortex
   374 | D        | Reached skill level 1 in Invocations
   399 | D        | Found a radiant altar of Vehumet.
   400 | D        | Found a deep blue altar of Sif Muna.
   400 | D        | Found an ancient bone altar of Kikubaaqudgha.
   401 | D        | Reached skill level 10 in Stealth
   417 | D        | Learned a level 3 spell: Gell's Gravitas
   422 | D        | Learned a level 4 spell: Petrify
   449 | D        | Found a glowing silver altar of Zin.
   450 | D        | Found a glowing golden altar of the Shining One.
   450 | D        | Found a white marble altar of Elyvilon.
   450 | D        | Noticed a deep elf priest
   453 | D        | Killed a deep elf priest
   453 | D        | Reached * piety under Dithmenos
   453 | D        | Reached skill level 1 in Transmutations
   453 | D        | Reached skill level 1 in Earth Magic
   453 | D        | Reached XP level 7. HP: 36/36 MP: 15/19
   480 | D        | Found an iron altar of Okawaru.
   481 | D        | Found a bloodstained altar of Trog.
   481 | D        | Noticed a human
   481 | D        | Noticed a human
   483 | D        | Killed a human
   484 | D        | Killed a human
   484 | D        | Reached skill level 11 in Stealth
   506 | D        | Found a snail-covered altar of Cheibriados.
   507 | D        | Found a basalt altar of Yredelemnul.
   507 | D        | Found a blossoming altar of Fedhas.
   508 | D        | Reached ** piety under Dithmenos
   508 | D        | Reached skill level 10 in Dodging
   508 | D        | Reached XP level 8. HP: 41/41 MP: 21/21
   525 | D        | Learned a level 5 spell: Metabolic Englaciation
   543 | D        | Noticed Erica
   545 | D        | Killed Erica
   545 | D        | Reached skill level 12 in Stealth
   582 | D        | Noticed a centaur warrior
   586 | D        | Killed a centaur warrior
   586 | D        | Reached *** piety under Dithmenos
   586 | D        | Reached skill level 10 in Spellcasting
   586 | D        | Reached skill level 5 in Translocations
   586 | D        | Reached XP level 9. HP: 46/46 MP: 22/24
   587 | D        | Reached skill level 13 in Stealth
   607 | D        | Noticed an unseen horror
   609 | D        | Killed an unseen horror
   609 | D        | Reached skill level 5 in Transmutations
   623 | D        | Reached **** piety under Dithmenos
   626 | D        | Reached ***** piety under Dithmenos
   627 | D        | Reached skill level 5 in Fighting
   627 | D        | Reached XP level 10. HP: 41/51 MP: 9/25
   628 | D        | Reached skill level 14 in Stealth
   628 | D        | Reached ****** piety under Dithmenos
   916 | D        | Reached skill level 10 in Short Blades
   919 | D        | Reached skill level 5 in Ice Magic
   967 | D        | Reached skill level 5 in Armour
  1016 | D        | Reached skill level 15 in Stealth
  1028 | D        | Noticed a lindwurm
  1031 | D        | Killed a lindwurm
  1031 | D        | Reached skill level 5 in Earth Magic
  1038 | D        | Reached skill level 5 in Conjurations
  1039 | D        | Noticed Maud
  1042 | D        | Killed Maud
  1042 | D        | Reached XP level 11. HP: 56/56 MP: 26/28
  1054 | D        | Noticed a seven-headed hydra
  1054 | D        | Noticed an eight-headed hydra
  1057 | D        | Killed a seven-headed hydra
  1058 | D        | Killed an eight-headed hydra
  1096 | D        | Noticed a death drake
  1098 | D        | Killed a death drake
  1098 | D        | Reached skill level 16 in Stealth
  1105 | D        | Found a blossoming altar of Fedhas.
  1105 | D        | Noticed a spriggan druid
  1107 | D        | Killed a spriggan druid
  1149 | D        | Noticed an anaconda
  1155 | D        | Killed an anaconda
  1254 | D        | Noticed an anaconda
  1266 | D        | Reached skill level 15 in Dodging
  1270 | D        | Slain by an anaconda

Vault maps used:
D:        dungeon_sprint_mu

Action                   |  1- 3 |  4- 6 |  7- 9 | 10-12 || total
-------------------------+-------+-------+-------+-------++-------
Melee: Dagger            |    23 |    16 |    12 |    39 ||    90
 Cast: Corona            |     1 |       |       |       ||     1
       Ensorcelled Hiber |     1 |     4 |       |    10 ||    15
       Gell's Gravitas   |       |       |     4 |     5 ||     9
       Dazzling Spray    |       |       |       |    12 ||    12
Invok: Shadow Step       |       |       |       |     7 ||     7
  Use: Potion            |       |     6 |       |       ||     6
       Scroll            |       |     4 |       |       ||     4
 Stab: Sleeping          |     4 |     6 |    12 |    24 ||    46
       Invisible         |       |       |       |     4 ||     4
